AoeStats
← Errada

QS Arena

503664913Analyzed
1v1 RM · 1mo ago on Sep 1, 2026· 35m 54s· 2 players
Game mode
Random Map
Map size
Tiny (2 player)
Population
200
Speed
Normal
Resources
Standard
Victory
Conquest
Starting age
Dark Age
Ending age
Imperial Age
RankedLock teamsTeams togetherTeam positionsShared explorationLock speedFull tech treeHidden civsTurbo modeCheats
Victory
Defeat
🇫🇷 Goths · France
881
+16
🇫🇷 Goths · France
880
-16
Errada
8:08 Feudal Age
8:37 Double-Bit Axe
10:24 Horse Collar
11:12 Gold Mining
16:14 Castle Age
16:09 Wheelbarrow
15:21 Loom
15:35 Loom
17:50 Bow Saw
17:43 Heavy Plow
17:50 Scale Mail Armor
18:30 Wheelbarrow
18:00 Stone Mining
23:44 Stone Shaft Mining
26:42 Chain Mail Armor
26:38 Forging
27:29 Squires
30:19 Imperial Age
29:28 Hand Cart
28:59 Town Watch
30:09 Anarchy
31:38 Crop Rotation
32:18 Two-Man Saw
32:18 Perfusion
32:07 Elite Huskarl
35:11 Iron Casting
35:01 Conscription
oihancout1
8:25 Feudal Age
8:56 Horse Collar
9:02 Double-Bit Axe
11:18 Wheelbarrow
13:33 Loom
16:02 Castle Age
17:08 Heavy Plow
17:20 Bow Saw
17:45 Hand Cart
17:50 Gold Mining
17:52 Stone Mining
21:07 Stone Shaft Mining
24:50 Squires
29:09 Imperial Age
28:39 Anarchy
28:48 Padded Archer Armor
28:38 Fletching
28:59 Forging
28:49 Scale Mail Armor
29:51 Ballistics
31:00 Chemistry
31:02 Two-Man Saw
30:34 Crop Rotation
29:34 Elite Skirmisher
31:33 Leather Archer Armor
31:13 Bodkin Arrow
31:54 Iron Casting
32:34 Conscription
35:09 Ring Archer Armor
34:39 Bracer
34:56 Chain Mail Armor
Connection lost

Rejoining the realm…

Still unreachable

The connection could not be restored.

Session expired

The server has moved on; the page needs a fresh start.